AoeStats
← meditator27

Arena

508662393Analyzed
4v4 RM · 7d ago on Sep 23, 2026· 48m 46s· 8 players
Game mode
Random Map
Map size
Large (8 player)
Population
200
Speed
Normal
Resources
Standard
Victory
Conquest
Starting age
Dark Age
Ending age
Imperial Age
RankedLock teamsTeams togetherTeam positionsShared explorationLock speedFull tech treeHidden civsTurbo modeCheats
Victory
Defeat
🇨🇳 Bohemians · China
1309
+14
🇨🇳 Mongols · China
1309
+14
🇨🇱 Britons · Chile
1241
+17
🇨🇳 Cumans · China
1202
+19
🇨🇳 Dravidians · China
1287
-17
🇨🇳 Teutons · China
1285
-17
🇹🇼 Bohemians · Taiwan
1245
-15
🇹🇼 Saxons · Taiwan
1236
-15
meditator27
10:48 Feudal Age
12:26 Loom
14:52 Castle Age
13:08 Double-Bit Axe
13:32 Horse Collar
15:57 Bow Saw
17:35 Loom
25:40 Imperial Age
24:30 Wheelbarrow
24:38 Heavy Plow
25:57 Chemistry
26:21 Pikeman
27:44 Hand Cart
29:55 Ballistics
30:33 Houfnice
33:42 Conscription
35:09 Halberdier
37:46 Forging
37:36 Scale Mail Armor
37:41 Squires
39:03 Two-Man Saw
39:35 Iron Casting
42:30 Blast Furnace
41:47 Chain Mail Armor
43:37 Fletching
48:47 Plate Mail Armor
48:12 Bodkin Arrow
48:18 Padded Archer Armor
happyeric8877
11:13 Feudal Age
14:56 Castle Age
12:46 Double-Bit Axe
12:52 Horse Collar
16:43 Bow Saw
17:51 Wheelbarrow
23:06 Hand Cart
23:36 Gold Mining
24:58 Gold Shaft Mining
24:54 Town Watch
25:15 Scale Mail Armor
25:48 Forging
28:17 Imperial Age
25:44 Stone Mining
26:45 Heavy Plow
27:05 Chain Mail Armor
27:20 Treadmill Crane
28:31 Iron Casting
27:58 Gambesons
28:13 Squires
28:42 Loom
29:32 Plate Mail Armor
29:03 Elite Varangian Guard
30:17 Capped Ram
31:22 Fletching
31:32 Padded Archer Armor
32:20 Ballistics
33:00 Chemistry
31:47 Elite Skirmisher
32:33 Thumb Ring
32:17 Clerical Recruitment
32:23 Shield Wall
33:27 Bodkin Arrow
33:48 Leather Archer Armor
34:22 Bracer
36:22 Ring Archer Armor
36:39 Conscription
36:40 Pikeman
38:02 Siege Ram
38:10 Halberdier
44:08 Siege Engineers
43:59 Murder Holes
45:26 Bloodlines
45:16 Husbandry
47:33 Fortified Wall
muui
4:14 Loom
11:37 Feudal Age
16:34 Castle Age
14:57 Double-Bit Axe
15:11 Horse Collar
20:54 Town Watch
22:11 Wheelbarrow
23:23 Heavy Plow
23:38 Gold Mining
25:35 Coinage
25:11 Scale Barding Armor
25:16 Forging
JieX
10:03 Feudal Age
13:50 Castle Age
12:37 Double-Bit Axe
12:34 Horse Collar
14:39 Heavy Plow
14:34 Loom
19:18 Bow Saw
22:39 Wheelbarrow
25:14 Hand Cart
24:59 Fletching
25:31 Ballistics
26:15 Hand Cart
25:46 Town Watch
25:58 Bodkin Arrow
26:07 Gold Mining
27:06 Thumb Ring
29:50 Padded Archer Armor
32:30 Imperial Age
30:31 Stone Mining
30:47 Elite Skirmisher
33:25 Bracer
34:04 Conscription
35:11 Chemistry
36:24 Two-Man Saw
36:20 Leather Archer Armor
36:44 Elite Elephant Archer
38:07 Ring Archer Armor
37:01 Pikeman
37:42 Squires
37:45 Scale Mail Armor
37:55 Forging
39:08 Masonry
41:03 Fortified Wall
41:04 Medical Corps
41:25 Wootz Steel
NiiemZXZ
11:27 Feudal Age
13:17 Loom
16:02 Castle Age
14:46 Double-Bit Axe
14:52 Horse Collar
15:47 Gold Mining
19:33 Fletching
23:23 Bodkin Arrow
24:04 Padded Archer Armor
25:52 Wheelbarrow
26:50 Ballistics
27:42 Heavy Plow
28:18 Gold Shaft Mining
33:55 Imperial Age
32:46 Leather Archer Armor
34:37 Hand Cart
34:07 Town Watch
34:34 Forging
34:30 Scale Barding Armor
34:29 Scale Mail Armor
34:39 Bracer
34:44 Scale Mail Armor
34:54 Forging
37:09 Chemistry
38:38 Hoardings
38:23 Conscription
38:06 Stone Mining
39:06 Masonry
39:02 Siege Engineers
39:07 Fortified Wall
40:08 Bow Saw
40:25 Pikeman
41:05 Squires
42:16 Architecture
42:47 Two-Man Saw
42:47 Ring Archer Armor
43:14 Elite Longbowman
46:43 Yeomen
46:55 Warwolf
48:40 Halberdier
49:36 Chain Mail Armor
49:56 Iron Casting
2265138721
10:56 Feudal Age
11:53 Double-Bit Axe
11:49 Horse Collar
15:03 Castle Age
15:57 Bow Saw
15:50 Heavy Plow
22:07 Wheelbarrow
26:51 Imperial Age
24:22 Loom
25:26 Hand Cart
26:17 Chemistry
27:30 Masonry
30:46 Padded Archer Armor
31:24 Architecture
32:29 Two-Man Saw
31:57 Conscription
36:06 Leather Archer Armor
38:41 Ring Archer Armor
38:11 Scale Mail Armor
38:21 Forging
39:52 Pikeman
41:30 Chain Mail Armor
41:50 Iron Casting
41:06 Fletching
41:09 Halberdier
41:49 Squires
42:30 Bombard Tower
48:31 Plate Mail Armor
47:56 Bodkin Arrow
xxs_hjt
4:15 Loom
9:36 Feudal Age
10:59 Double-Bit Axe
11:10 Horse Collar
21:30 Castle Age
19:53 Scale Barding Armor
20:45 Forging
20:46 Bloodlines
20:38 Gold Mining
21:28 Wheelbarrow
22:51 Chain Barding Armor
24:01 Iron Casting
24:40 Capped Ram
27:06 Bow Saw
28:07 Heavy Plow
29:20 Light Cavalry
34:51 Imperial Age
36:24 Crop Rotation
36:55 Two-Man Saw
36:52 Plate Barding Armor
36:19 Elite Steppe Lancer
38:50 Blast Furnace
40:29 Stone Mining
44:50 Gold Shaft Mining
47:14 Hand Cart
47:03 Hussar
49:07 Steppe Husbandry
49:28 Conscription
mipolin
11:36 Feudal Age
12:28 Double-Bit Axe
12:40 Horse Collar
15:14 Castle Age
16:08 Bow Saw
16:30 Heavy Plow
20:16 Wheelbarrow
21:42 Stone Mining
23:43 Stone Shaft Mining
23:02 Gold Mining
25:24 Hand Cart
25:49 Gold Shaft Mining
25:38 Padded Archer Armor
25:29 Fletching
28:29 Imperial Age
27:35 Ballistics
27:35 Leather Archer Armor
27:15 Bodkin Arrow
27:22 Loom
27:23 Town Watch
28:09 Husbandry
28:19 Bloodlines
28:08 Light Cavalry
28:40 Elite Mangudai
29:21 Bodkin Arrow
29:37 Forging
29:32 Scale Barding Armor
30:04 Town Patrol
31:13 Chemistry
31:04 Hussar
32:28 Iron Casting
31:59 Scale Barding Armor
31:40 Elite Steppe Lancer
33:06 Conscription
33:29 Bracer
35:00 Capped Ram
36:21 Siege Ram
38:15 Drill
39:56 Chain Barding Armor
40:37 Blast Furnace
39:45 Onager
44:17 Siege Onager
Connection lost

Rejoining the realm…

Still unreachable

The connection could not be restored.

Session expired

The server has moved on; the page needs a fresh start.